[Event "Late-Titled-Tuesday-Blitz-June-25-2024"]
[Site "Chess.com"]
[Date "2024.06.25"]
[Round "4"]
[White "machupichu10"]
[Black "ChristopherYoo"]
[Result "0-1"]
[WhiteElo "2833"]
[BlackElo "3031"]
[TimeControl "180+1"]
[EndTime "14:38:13 PDT"]
[Termination "ChristopherYoo won on time"]

1. c4 Nf6 2. Nc3 e5 3. g3 Bb4 4.
Bg2 O-O 5. Nf3 Bxc3 6. bxc3 d6 7. O-O Re8 8. d3 e4 9. Nd4 c5 10. Nc2 exd3 11. Qxd3 Nc6 12. Bf4 Ne5 13. Bxe5 dxe5 14. Rab1 e4 15. Qxd8 Rxd8 16. Ne3 b6 17. Nd5 Nxd5 18.
cxd5 Ba6 19. Bxe4 Bxe2 20. Rfe1 Bc4 21. a4 Rd6 22. Bf3 Kf8 23. Re5 Rad8 24. Rd1 Bb3 25. Rd2 Bxa4 26. c4 Bd7 27. Ra2 a5 28. Kf1 a4 29.
Ke2 b5 30. cxb5 Bxb5+ 31. Kd2 Rf6 32. Ke3 Be8 33. Ra3 Rb6 34. Bd1 Rb4 35. Rc3 Ra8 36. Ra3 f6 37. Re6 Bf7 38. Rc6 Re8+ 39. Kd2 Rd4+ 40. Rd3 Rxd3+ 41. Kxd3 Ra8 42. Rxc5 a3 43. Rc1 a2 44. Ra1 Bxd5 45. Kd4 Bf7 46. Kc3 Rc8+ 47. Kd4 Rb8 48. Bc2 h5 49. h4 Ke7 50. Kc3 Kd6 51. Kd4 g5 52. Kc3 gxh4 53. gxh4 Ke5 54. Re1+ Kf4 55. Re4+ Kf3 56. Ra4 Kxf2 57. Ra7 Rb1 58.
Kd2 a1=Q 0-1

[Event "Late-Titled-Tuesday-Blitz-June-25-2024"]
[Site "Chess.com"]
[Date "2024.06.25"]
[Round "4"]
[White "JEHUBNER"]
[Black "JuliaEfremova"]
[Result "1-0"]
[WhiteElo "1986"]
[BlackElo "2299"]
[TimeControl "180+1"]
[EndTime "14:38:15 PDT"]
[Termination "JEHUBNER won on time"]

1. e4 e5 2. Nf3 Nc6 3. Bb5 Bc5 4. c3 d6 5. d4 exd4 6. cxd4 Bb4+ 7. Bd2 Bxd2+ 8.
Qxd2 a6 9. Ba4 Bd7 10. O-O Nf6 11. Re1 O-O 12. Nc3 Ne7 13. Bc2 Ng6 14. e5 Nh5 15.
exd6 cxd6 16. d5 Bg4 17. Nd4 Qh4 18. Re3 Nhf4 19. Nf3 Bxf3 20. Rxf3 Rae8 21. g3 Nh3+ 22.
Kg2 Qg4 23. Bxg6 fxg6 24. Rxf8+ Rxf8 25. Rf1 Ng5 26. f4 Qh3+ 27. Kg1 Nf7 28. Re1 Nh6 29. Qg2 Qf5 30. Qe4 Qh5 31. Qe6+ Kh8 32. Qe7 Rg8 33. Ne4 Nf5 34. Ng5 h6 35. Nf7+ Kh7 36.
Qe2 Qh3 37. Qg2 Qg4 38. Qe2 Qxe2 39. Rxe2 Rc8 40. Kg2 Rc7 41. Nd8 Nd4 42. Rd2 Nf5 43. Ne6 Rc1 44. Nd8 b5 45. Nc6 Ne3+ 46. Kf2 Nxd5 47.
Rxd5 Rxc6 48. Kf3 Kh8 49. Rd2 Kg8 50. Ke4 Kf7 51. Kd5 Rb6 52. Re2 a5 53. Rd2 Ke7 54.
Re2+ Kd7 55. Re6 b4 56. Rxg6 Rb5+ 57. Kd4 Rh5 58. Rxg7+ Kc6 59. h4 Rd5+ 60. Kc4 1-0

[Event "Late-Titled-Tuesday-Blitz-June-25-2024"]
[Site "Chess.com"]
[Date "2024.06.25"]
[Round "4"]
[White "NikitaShnadrygin"]
[Black "Slovineanu"]
[Result "1-0"]
[WhiteElo "2736"]
[BlackElo "2546"]
[TimeControl "180+1"]
[EndTime "14:38:16 PDT"]
[Termination "NikitaShnadrygin won on time"]

1. e4 c6 2. d4 d5 3. f3 dxe4 4. fxe4 e5 5. Nf3 Be6 6. c3 Nd7 7. Bd3 Bd6 8. O-O Ngf6 9. Bg5 h6 10. Bxf6 Nxf6 11. Nbd2 O-O 12. Kh1 Nd7 13. Qc2 b5 14. Rad1 Qc7 15. d5 Bg4 16. h3 Bh5 17. g4 Bg6 18. c4 b4 19. Nh4 Nc5 20. Nf5 Bxf5 21.
Rxf5 g6 22. Rf3 Be7 23. Rdf1 Bg5 24. Nb3 Nxb3 25. Qxb3 a5 26. Qa4 Bf4 27. Qc2 Rac8 28.
b3 Qe7 29. Qf2 Kg7 30. Rxf4 exf4 31. Qxf4 cxd5 32. exd5 Rcd8 33. Kg2 Qd6 34. Qd4+ Kg8 35. Rf6 Qe7 36. d6 Qe1 37. Bxg6 Rde8 38. Bd3 Qd2+ 39. Rf2 Qe3 40. Qxe3 Rxe3 41. Rd2 Re5 42. Bf5 Rd8 43. Kg3 Kf8 44. Kf4 f6 45. h4 Rc5 46.
Be4 Kf7 47. Bf5 Rc6 48. d7 Ke7 49. Re2+ Kd6 50. Re8 Kc7 51. Re7 Rd6 52. Rh7 Rd2 53. Rxh6 Rxa2 54. Rxf6 Rb2 55. Ra6 Rxb3 56. Rxa5 Rb2 57.
Rb5 b3 58. h5 1-0

[Event "Late-Titled-Tuesday-Blitz-June-25-2024"]
[Site "Chess.com"]
[Date "2024.06.25"]
[Round "4"]
[White "Pedrada88"]
[Black "mac0504"]
[Result "0-1"]
[WhiteElo "2568"]
[BlackElo "2776"]
[TimeControl "180+1"]
[EndTime "14:38:17 PDT"]
[Termination "mac0504 won by resignation"]

1. Nf3 Nc6 2. d4 e6 3. g3 f5 4.
Bg2 Nf6 5. O-O Be7 6. c4 O-O 7.
Nc3 b6 8. d5 exd5 9. cxd5 Nb4 10.
Qb3 Bd6 11. Nd4 Ng4 12. Ncb5 a5 13. Nxd6 cxd6 14. Bf4 Qf6 15. Rad1 Ba6 16. a3 g5 17.
Bc1 Rac8 18. axb4 Rxc1 19. Rxc1 Qxd4 20. b5 a4 21. Qd1 Qxd1 22. Rfxd1 Bxb5 23. e3 f4 24.
exf4 gxf4 25. Rd4 Ne5 26. Rxf4 Rxf4 27. gxf4 Nd3 28. Rc2 Nxf4 29. Bf1 Bxf1 30. Kxf1 Nxd5 31. Rd2 Nf4 32. Rxd6 b5 33. Rb6 Kf7 34. Rxb5 Nd3 35. Ke2 Nc1+ 36. Kd2 Nb3+ 37. Kc3 Ke6 38. Rh5 d5 39.
Rxh7 Nc5 40. Rh4 Ne4+ 41. Kc2 Ke5 42. f3 Nc5 43. Rb4 d4 44. h4 Ne6 45. Rxa4 Kf4 46.
Kd3 Nc5+ 47. Kc4 Nxa4 48. b3 Ke3 49. h5 Nb6+ 50. Kb5 Nd7 51. h6 Nf6 52. Kc4 d3 53. Kc3 d2 54. Kc2 Ke2 55. Kc3 d1=Q 56. b4 Qd3+ 57. Kb2 Qxf3 58. Kc2 Qd3+ 59. Kb2 Qc4 60. h7 Nxh7 61. Ka1 Qxb4 62. Ka2 Kd2 63. Ka1 Kc2 0-1

[Event "Late-Titled-Tuesday-Blitz-June-25-2024"]
[Site "Chess.com"]
[Date "2024.06.25"]
[Round "4"]
[White "Zhigalko_Sergei"]
[Black "Mackster23"]
[Result "0-1"]
[WhiteElo "2964"]
[BlackElo "2682"]
[TimeControl "180+1"]
[EndTime "14:38:18 PDT"]
[Termination "Mackster23 won on time"]

1. e4 c5 2. Nf3 d6 3. d4 cxd4 4. Qxd4 Nc6 5. Bb5 Bd7 6. Bxc6 Bxc6 7. Nc3 Nf6 8. Bg5 e6 9. O-O-O Be7 10. Rhe1 O-O 11.
Kb1 Qa5 12. Qd2 Qc7 13. Nd4 a6 14. f3 Rac8 15. g4 b5 16. Nce2 Bb7 17. Ng3 Rfe8 18. h4 Nd7 19. Bxe7 Rxe7 20. h5 d5 21. exd5 Qxg3 22.
Nf5 exf5 23. Rxe7 Qd6 24. Qe2 h6 25. b3 Bxd5 26. Re8+ Rxe8 27. Qxe8+ Nf8 28. gxf5 Qc6 29. Qe7 a5 30. Qe5 Bxf3 31. Rd8 Qe4 32. Qd6 Qe1+ 33. Kb2 Kh7 34. Rxf8 b4 35. Qd4 Bxh5 36. f6 Bg6 37.
fxg7 Qc3+ 38. Qxc3 bxc3+ 39. Kxc3 Kxg7 40. Ra8 h5 41.
Rxa5 h4 42. Rd5 h3 43. Rd2 Kf6 44. Rh2 Bf5 45. Kd4 Kg5 46. Ke3 Kg4 47. Kf2 Bxc2 48.
b4 Ba4 49. Rh1 Bc6 50. Rg1+ Kf4 51. Rc1 h2 52. b5 h1=Q 53. Rxh1 Bxh1 54. a4 Ke5 55. Ke3 Kd5 56. Kf4 Kc5 57. Ke5 Bd5 58. Kf6 Be6 59. Ke5 Kb6 60. Kf6 Bb3 0-1

[Event "Late-Titled-Tuesday-Blitz-June-25-2024"]
[Site "Chess.com"]
[Date "2024.06.25"]
[Round "4"]
[White "Orest_Vovk"]
[Black "merinasian"]
[Result "0-1"]
[WhiteElo "2547"]
[BlackElo "2407"]
[TimeControl "180+1"]
[EndTime "14:38:19 PDT"]
[Termination "merinasian won on time"]

1. h4 d6 2. h5 e5 3. d4 exd4 4. Qxd4 Nc6 5. Qa4 Bd7 6. h6 Nxh6 7. Bxh6 gxh6 8. Qe4+ Qe7 9. Qxe7+ Nxe7 10. Nc3 Bg7 11. O-O-O O-O-O 12. Nf3 Rhg8 13. g3 Bc6 14. Bg2 a6 15.
Nh4 Bxg2 16. Nxg2 d5 17. Nf4 c6 18. e3 Ng6 19. Nce2 Ne5 20. Nd4 Ng4 21. Rd2 Ne5 22.
Nf5 Nc4 23. Ne7+ Kd7 24. Nxg8 Bxb2+ 25. Kd1 Rxg8 26. Rd3 Bg7 27. Ke2 Re8 28. Nh5 Be5 29. f4 Bh8 30. Kf3 f5 31. Rh3 b5 32. g4 fxg4+ 33. Kxg4 a5 34. Kf3 a4 35. Ng3 b4 36. Rxh6 Re7 37. Nf5 Rf7 38. Kg4 a3 39. Rh5 Nd6 40. Nxd6 Kxd6 41. Rh6+ Kc5 42. Rh5 Kb5 43.
e4 Kc4 44. exd5 cxd5 45. Rhxd5 Bc3 46. Rd7 Rf8 47. Rc7+ Kb5 48. Rxh7 Rg8+ 49. Kf5 Rg2 50. Rb7+ Kc6 51. Rb8 Rxc2 52. Rdd8 Rxa2 53. Ke6 Re2+ 54. Kf7 a2 55. Ra8 a1=Q 56. Rxa1 Bxa1 57. Rb8 Kc5 58. f5 Kc4 59. Rc8+ Kb3 60. Kg6 Rf2 61. Ra8 Bc3 62. Rc8 Kc2 63. Re8 b3 64. f6 Rxf6+ 0-1

[Event "Late-Titled-Tuesday-Blitz-June-25-2024"]
[Site "Chess.com"]
[Date "2024.06.25"]
[Round "4"]
[White "TERMINATOR_PC"]
[Black "RandomNoob04"]
[Result "1/2-1/2"]
[WhiteElo "2594"]
[BlackElo "2803"]
[TimeControl "180+1"]
[EndTime "14:38:20 PDT"]
[Termination "Game drawn - insufficient material"]

1. d4 Nf6 2. Nc3 d5 3. Bf4 a6 4.
e3 c5 5. dxc5 Qa5 6. Nf3 Qxc5 7.
Bd3 Nc6 8. O-O Bg4 9. Be2 e6 10. h3 Bh5 11. Ne5 Bxe2 12. Nxe2 Be7 13. Nd4 Nxd4 14.
exd4 Qb6 15. Qd3 O-O 16. c3 Rac8 17. Qe2 Rfd8 18. Rae1 Nd7 19. Nd3 Qb5 20. Qf3 Nf6 21.
Be5 Ne4 22. Re2 Bd6 23. Bxd6 Rxd6 24. Rfe1 h6 25. h4 Rb6 26. g4 Qa5 27. a3 Qb5 28.
Ne5 Rc7 29. Kg2 Qb3 30. Qf4 Re7 31. g5 hxg5 32. hxg5 f6 33. Ng6 Re8 34. gxf6 Nxf6 35. Rh1 Qa2 36. Rh8+ Kf7 37. Qc7+ Kxg6 38. Rxe8 Rxb2 39.
Rxb2 Qxb2 40. Rxe6 Qxa3 41. Re7 Nh5 42. Qe5 Qxc3 43.
Re6+ Nf6 44. Qxd5 Qc8 45. Qe4+ Kf7 46. Re7+ Kf8 47. Qe6 Qxe6 48. Rxe6 Kf7 49. Rb6 Nd7 50.
Rxb7 Ke6 51. Ra7 Nf6 52. Rxa6+ Kd5 53. Ra4 Ne4 54. Kf3 Nd6 55. Kf4 g6 56. Kg5 Ne4+ 57.
Kxg6 Nxf2 58. Kf5 Nd3 59. Kg4 Nb2 60. Kf3 Nxa4 61. Ke3 Nb6 62. Kd3 Nd7 63. Kc3 Nf8 64. Kd3 Ne6 65. Kc3 Nd8 66. Kd3 Nf7 67. Kc3 Nd6 68. Kd3 Nf5 69. Kc3 Nxd4 1/2-1/2

[Event "Late-Titled-Tuesday-Blitz-June-25-2024"]
[Site "Chess.com"]
[Date "2024.06.25"]
[Round "4"]
[White "andrew-blr"]
[Black "Quattroporte300"]
[Result "0-1"]
[WhiteElo "2600"]
[BlackElo "2438"]
[TimeControl "180+1"]
[EndTime "14:38:22 PDT"]
[Termination "Quattroporte300 won on time"]

1. d4 d5 2. c4 dxc4 3. e3 Nf6 4. Bxc4 e6 5. Nf3 c5 6. O-O a6 7. Qe2 Nc6 8. Rd1 cxd4 9. exd4 Be7 10. Nc3 O-O 11.
d5 exd5 12. Nxd5 Nxd5 13. Bxd5 Qc7 14. Bg5 Bg4 15. Bxe7 Nxe7 16. Rac1 Nc6 17. Qe4 Bxf3 18. Qxf3 Rad8 19. Bxc6 bxc6 20. h3 c5 21. Rd5 c4 22.
Qe4 g6 23. b3 c3 24. Rd3 Rfe8 25. Rxd8 Qxd8 26. Qc2 Qd2 27. Kh2 Re2 28. Qxc3 Qf4+ 29. Kh1 Rxf2 30. Qc8+ Kg7 31. Qc3+ Kh6 32. Ra1 Qe4 33.
Qg3 Qf4 34. Qxf4+ Rxf4 35. Rc1 Rf2 36. a4 Rb2 37. Rc3 a5 38. Kh2 f5 39. Kg3 Kg5 40.
Kf3 h5 41. g3 h4 42. gxh4+ Kxh4 43. Kf4 Rf2+ 44. Ke5 g5 45. Kf6 g4 46. hxg4 fxg4+ 47. Ke5 Rf3 48. Rc5 Rxb3 49. Rxa5 g3 50. Ra8 g2 51.
Rh8+ Kg3 52. Rg8+ Kf2 53. Kd5 Rg3 54. Rf8+ Ke2 55. Re8+ Kd2 56. Rd8 g1=Q 57. Kc4+ Kc2 0-1

[Event "Late-Titled-Tuesday-Blitz-June-25-2024"]
[Site "Chess.com"]
[Date "2024.06.25"]
[Round "4"]
[White "reevecanada"]
[Black "malakismayil"]
[Result "0-1"]
[WhiteElo "2700"]
[BlackElo "2559"]
[TimeControl "180+1"]
[EndTime "14:38:23 PDT"]
[Termination "malakismayil won by checkmate"]

1. Nf3 Nf6 2. b3 d5 3. Bb2 e6 4. d3 Be7 5. Nbd2 O-O 6. e4 c5 7. g3 Nc6 8. Bg2 b6 9. O-O Ba6 10. Re1 Rc8 11. exd5 exd5 12. d4 c4 13. bxc4 dxc4 14.
Ne5 Nxe5 15. dxe5 c3 16. Bxc3 Rxc3 17. exf6 Bxf6 18. Rc1 Bg5 19. Ne4 Bxc1 20. Nxc3 Ba3 21. Nd5 Bc5 22. Qg4 Bc8 23. Qa4 a5 24. c4 Be6 25.
Qb3 Bxd5 26. cxd5 Qf6 27. Re2 Qa1+ 28. Bf1 Rd8 29. Re4 h6 30. Rf4 Qe5 31. d6 Rd7 32. Bb5 Rxd6 33. Qxf7+ Kh8 34. Bc4 Rd8 35. Qg6 Qd6 36.
Qe4 Qd1+ 37. Kg2 Qd4 38. Qf5 Qd7 39. Qe4 Qd4 40. Qf3 Qd7 41. h4 Qd6 42. h5 Rf8 43. Bd3 Rxf4 44. gxf4 Qe7 45. Qa8+ Qf8 46. Qe4 Qg8 47. Kh3 Bd6 48. Qf5 Bc5 49. a4 Bd6 50.
Be4 Bc5 51. Kg4 Bxf2 52. Bd5 Qe8 53. Bf7 Qe2+ 54. Kh3 Qa6 55. Kh2 Qb7 56. Bd5 Qe7 57.
Be4 g6 58. Kg2 gxf5 59. Bxf5 Qf6 60. Bh3 Qxf4 61. Kf1 Qg3 62. Ke2 Qg1 63. Kd3 Qh2 64.
Bg4 Qh4 65. Be2 Qg3+ 66. Ke4 Qh4+ 67. Kf5 Bc5 68. Kg6 Qg5+ 69. Kf7 Qe5 70. Kg6 Qxe2 71. Kxh6 Qc4 72. Kg6 Qxa4 73. Kh6 Qf4+ 74. Kg6 Qd6+ 75. Kg5 a4 76. Kg4 a3 77. Kg5 a2 78.
Kf5 a1=Q 79. Kg5 Qae5+ 80. Kg4 Qdd4+ 81. Kf3 Qee3+ 82. Kg2 Qdd2+ 83. Kf1 Qee1# 0-1

[Event "Late-Titled-Tuesday-Blitz-June-25-2024"]
[Site "Chess.com"]
[Date "2024.06.25"]
[Round "4"]
[White "GAZZAN_3000"]
[Black "Frankie_Badacsonyi"]
[Result "1/2-1/2"]
[WhiteElo "2741"]
[BlackElo "2501"]
[TimeControl "180+1"]
[EndTime "14:38:23 PDT"]
[Termination "Game drawn - insufficient material"]

1. d4 e6 2. Nf3 Nf6 3. c4 d5 4.
Nc3 a6 5. cxd5 exd5 6. Bf4 Bd6 7. Be5 c6 8. e3 O-O 9. Be2 Qe7 10. O-O Nbd7 11.
Bxd6 Qxd6 12. Rb1 a5 13. a3 Re8 14. b4 axb4 15. axb4 b5 16. Nd2 Nb6 17. Nb3 Nc4 18. Bxc4 bxc4 19. Nc5 Bf5 20. Ra1 Reb8 21. Rxa8 Rxa8 22.
b5 cxb5 23. Nxb5 Qc6 24. Nc3 Nd7 25. Qf3 Be6 26. e4 dxe4 27. N5xe4 Kh8 28. Qh5 g6 29. Qg5 Bf5 30. d5 Qb6 31. Qe7 Qd8 32. Qd6 Kg7 33. h3 Nb6 34. Qc5 Rc8 35. Qd4+ f6 36. Rb1 Nd7 37.
Rb7 Rc7 38. Rb4 Ne5 39. f4 Nd3 40. Rxc4 Rxc4 41. Qxc4 Nxf4 42. Ng3 Qd6 43. Nxf5+ gxf5 44. Nb5 Qe5 45. Qc7+ Kg6 46. Qxe5 fxe5 47. Kf2 Kf6 48. d6 Ke6 49. g3 Nd3+ 50. Ke3 Nc5 51. g4 fxg4 52.
hxg4 Nb7 53. Nc7+ Kxd6 54. Ne8+ Ke7 55. Ng7 Kf6 56. Nf5 Kg5 57. Kf3 e4+ 58. Kxe4 Kxg4 59. Ng7 Nd6+ 60. Ke3 Nf7 61. Kf2 Kg5 62. Kg2 Kg6 63.
Ne6 Kf6 64. Nf4 Kf5 65. Nd3 h5 66. Kh2 Ne5 67. Nxe5 Kxe5 68. Kg3 Kd4 69. Kh4 Kc3 70. Kxh5 1/2-1/2

[Event "Late-Titled-Tuesday-Blitz-June-25-2024"]
[Site "Chess.com"]
[Date "2024.06.25"]
[Round "4"]
[White "Akhayan"]
[Black "crazy_but_lazy"]
[Result "1/2-1/2"]
[WhiteElo "2409"]
[BlackElo "2636"]
[TimeControl "180+1"]
[EndTime "14:38:26 PDT"]
[Termination "Game drawn by repetition"]

1. e4 c5 2. Nf3 g6 3. Nc3 Bg7 4.
Bc4 Nc6 5. O-O e6 6. d4 cxd4 7.
Nb5 d6 8. Nfxd4 Nxd4 9. Nxd4 Ne7 10. c3 O-O 11. Be3 d5 12. exd5 Nxd5 13. Qd2 Nxe3 14. Qxe3 b6 15. Qf3 Bd7 16. Rad1 Qe7 17. Bb5 Bxb5 18. Nxb5 Qc5 19. Nd6 Qc7 20. h3 Rad8 21. Ne4 f5 22. Ng5 Qe7 23. Rxd8 Rxd8 24. Qe3 e5 25. Nf3 e4 26. Nd4 Bxd4 27. cxd4 Qd6 28. Rd1 Qd5 29. b3 Rc8 30. Qg5 Rc7 31. Qf6 Rf7 32. Qg5 Kg7 33. h4 h6 34. Qf4 Rd7 35.
h5 g5 36. Qb8 f4 37. Qe8 Rf7 38. Rc1 Qxd4 39. Rc8 Qd1+ 40. Kh2 Qxh5+ 41. Kg1 Qd1+ 42. Kh2 Qd7 43. Qh8+ Kg6 44. Rd8 Qc7 45. Qg8+ Rg7 46. Qe8+ Qf7 47. Qh8 f3 48. g3 e3 49. Rd6+ Kf5 50.
Qc8+ Ke4 51. Qc2+ Ke5 52. Qd3 Qh5+ 53. Kg1 exf2+ 54. Kxf2 Qh2+ 55. Kxf3 Rf7+ 56. Kg4 h5+ 57. Kxg5 Qf2 58. Rd5+ Ke6 59. Rd6+ Ke7 60. Rd7+ Kf8 61. Qd6+ Kg8 62. Qg6+ Kf8 63. Qd6+ Kg8 64. Qg6+ Kf8 65. Qd6+ 1/2-1/2

[Event "Late-Titled-Tuesday-Blitz-June-25-2024"]
[Site "Chess.com"]
[Date "2024.06.25"]
[Round "4"]
[White "Leebit02"]
[Black "HamedWafa4"]
[Result "1-0"]
[WhiteElo "2592"]
[BlackElo "2766"]
[TimeControl "180+1"]
[EndTime "14:38:28 PDT"]
[Termination "Leebit02 won by resignation"]

1. e4 e5 2. Nf3 Nc6 3. Bc4 Bc5 4. c3 Nf6 5. d3 d6 6. a4 a5 7. O-O h6 8. Re1 O-O 9. h3 Bb6 10. Bb3 Be6 11. Bc2 Ne7 12. d4 Ng6 13. Nbd2 Nh5 14. Nf1 c6 15. d5 cxd5 16. exd5 Bd7 17. Nxe5 Qh4 18. Nd3 Nhf4 19. Be3 Bxe3 20. Rxe3 Rae8 21. Nxf4 Nxf4 22. Qf3 Rxe3 23. Nxe3 Re8 24. Kh2 Qg5 25. Rd1 Ng6 26. Qg3 Qf6 27. Rd2 Nf4 28.
Bd1 Ng6 29. Bg4 Bxa4 30. Bh5 Bd7 31. Rd4 Re5 32. Bxg6 fxg6 33. Rf4 Qe7 34. Qxg6 Rg5 35.
Qe4 Re5 36. Qd4 a4 37. Rf3 b5 38. Rg3 Kh7 39. Qf4 Re4 40. Qf3 Re5 41. Qd1 Qf6 42.
Qd3+ Kh8 43. Qd4 Qe7 44. c4 Kh7 45. cxb5 Bxb5 46. Qg4 Bd7 47. Qg6+ Kg8 48. Qxh6 Be8 49. Qf4 Re4 50. Qf5 Re5 51. Qg4 Bd7 52. Qb4 Re4 53. Qb8+ Kh7 54. Qa7 Re5 55. Qa6 Qf6 56. Qd3+ Kg8 57.
Qd2 Qe7 58. Qd4 Qf6 59. Ng4 Bxg4 60. Qxg4 Re7 61. Rf3 Qe5+ 62. Qf4 Qxd5 63. Qf8+ Kh7 64. Qxe7 1-0

[Event "Late-Titled-Tuesday-Blitz-June-25-2024"]
[Site "Chess.com"]
[Date "2024.06.25"]
[Round "4"]
[White "MuhittinBuker"]
[Black "stasOR4ik"]
[Result "1-0"]
[WhiteElo "2246"]
[BlackElo "2440"]
[TimeControl "180+1"]
[EndTime "14:38:29 PDT"]
[Termination "MuhittinBuker won by resignation"]

1. d4 e6 2. c4 d5 3. Nc3 c5 4. cxd5 cxd4 5. Qxd4 Nf6 6. Bg5 Nc6 7. Bxf6 gxf6 8. Qd1 exd5 9. e3 d4 10. exd4 Nxd4 11.
Nf3 Qe7+ 12. Be2 Nxf3+ 13. gxf3 Bd7 14. Qb3 O-O-O 15. O-O-O Bf5 16. Rxd8+ Qxd8 17. f4 Bh6 18. Qc4+ Qc7 19. Nd5 Qxc4+ 20. Bxc4 Rd8 21. b3 b5 22. Ne7+ Kc7 23. Nxf5 Bxf4+ 24. Kc2 bxc4 25. Ne3 cxb3+ 26.
axb3 Kc6 27. h3 Bxe3 28. fxe3 Re8 29. Kd3 Kd5 30. Ra1 Re7 31. Ra5+ Ke6 32. Ke4 Rb7 33. Ra6+ Ke7 34. Kf3 Kf8 35. b4 Kg7 36. b5 Kg6 37.
Ra5 f5 38. Kf4 Re7 39. Ra6+ f6 40. b6 axb6 41. Rxb6 Re4+ 42. Kf3 Rh4 43. Kg3 Kg5 44. Rb8 Ra4 45. Rg8+ Kh6 46. Kf3 Rb4 47. Rg1 Rh4 48.
Rg3 Rh5 49. Kf4 Rg5 50. Rxg5 fxg5+ 51. Kxf5 Kh5 52. e4 Kh4 53. e5 h5 54. e6 g4 55.
hxg4 hxg4 56. e7 g3 57. e8=Q g2 58. Qe4+ Kg3 59. Qf4+ Kh3 60. Qf3+ Kh2 61. Qh5+ Kg3 62. Qg4+ Kf2 63. Qf4+ Ke1 64. Qg3+ Kf1 65. Qf3+ Kg1 66. Kg4 Kh2 67. Qg3+ Kh1 68. Qh3+ Kg1 69. Kf3 Kf1 70. Qxg2+ 1-0

[Event "Late-Titled-Tuesday-Blitz-June-25-2024"]
[Site "Chess.com"]
[Date "2024.06.25"]
[Round "4"]
[White "BilodeauA"]
[Black "GothamChess"]
[Result "0-1"]
[WhiteElo "2986"]
[BlackElo "2758"]
[TimeControl "180+1"]
[EndTime "14:38:33 PDT"]
[Termination "GothamChess won by resignation"]

1. e4 d5 2. exd5 Qxd5 3. Nc3 Qa5 4. Nf3 Nf6 5. d4 Bf5 6. Ne5 c6 7. a4 Nbd7 8. Nc4 Qc7 9. a5 e6 10. g3 h5 11. Bf4 Qd8 12. Bg2 Nd5 13. Nxd5 cxd5 14.
Nd6+ Bxd6 15. Bxd6 Nf6 16. Bb4 h4 17. c3 Be4 18. f3 Bg6 19. a6 b6 20. Kf2 Ng8 21. Qe2 Ne7 22. Qb5+ Kf8 23. Qe2 Kg8 24. Rhe1 Nc6 25.
Ba3 Na5 26. Kg1 Nc4 27. Bb4 hxg3 28. hxg3 Qg5 29. Qf2 Rc8 30. Rad1 Qh6 31. Kf1 Qg5 32. Kg1 Qh6 33. Kf1 Qg5 34. Re2 Rh2 35. Kg1 Qh6 36.
Ree1 Rc6 37. b3 Nd6 38. Bxd6 Rxd6 39. Qe3 Qxe3+ 40. Rxe3 Rh6 41. Kf2 Rc6 42. Bf1 Rh2+ 43. Bg2 Bc2 44. Rc1 Bxb3 45. f4 Bc4 46. f5 Rh6 47.
fxe6 Rhxe6 48. Rxe6 fxe6 49. Ke3 b5 50. Kf4 Rxa6 51.
Ke5 Ra2 52. Bh3 Re2+ 53. Kd6 Kf7 54. Rf1+ Kg6 55. Rf8 Re3 56. Bxe6 Rxg3 57. Bxd5 Bxd5 58. Kxd5 Rxc3 59. Ra8 Ra3 60. Kc5 a6 61. d5 Rc3+ 62.
Kb6 b4 63. d6 b3 64. d7 b2 65. d8=Q b1=Q+ 66. Ka7 Qg1+ 67. Kxa6 Qa1+ 68. Kb5 Qb2+ 69. Ka6 Ra3+ 0-1

[Event "Late-Titled-Tuesday-Blitz-June-25-2024"]
[Site "Chess.com"]
[Date "2024.06.25"]
[Round "4"]
[White "dosto07"]
[Black "GoValya"]
[Result "1-0"]
[WhiteElo "2451"]
[BlackElo "2208"]
[TimeControl "180+1"]
[EndTime "14:38:34 PDT"]
[Termination "dosto07 won by resignation"]

1. e4 e6 2. d4 d5 3. Nd2 c5 4. exd5 exd5 5. Ngf3 Nf6 6. Bb5+ Bd7 7. Bxd7+ Nbxd7 8.
O-O Be7 9. dxc5 Nxc5 10. Nb3 Nce4 11. Nbd4 O-O 12. Be3 a6 13. Nf5 Rc8 14. Bd4 Bc5 15. c3 Bxd4 16. Qxd4 Qd7 17. Ne3 h6 18. Rfe1 Rfd8 19. Qd3 Nc5 20. Qf5 Na4 21. Qxd7 Rxd7 22.
Re2 Nc5 23. Rd1 Rcd8 24. h3 Nce4 25. Nd2 Nd6 26. Nb3 Nc4 27. Nd4 Nxe3 28. Rxe3 Ne4 29. Kf1 g6 30. Red3 Kg7 31. Ne2 Rd6 32. f3 Nc5 33. R3d2 g5 34. Nd4 Kg6 35. g4 Ne6 36.
Nf5 R6d7 37. h4 Nf4 38. Kf2 Re8 39. hxg5 hxg5 40. Rh1 f6 41. Rh6+ Kf7 42. Ne3 Rde7 43. Rh7+ Ke6 44. Rh6 Kd6 45. Nf5+ Kc5 46. Nxe7 Rxe7 47.
Rxf6 Re5 48. Rf5 Re6 49. Kg3 Ne2+ 50. Kh2 Rh6+ 51. Kg2 Nf4+ 52. Rxf4 gxf4 53. Rd4 Rf6 54. Kh3 Kd6 55. g5 Rg6 56. Kg4 Ke5 57. Rxf4 b5 58. Rf5+ Ke6 59. f4 a5 60. Re5+ Kd6 61.
Kh5 Rg8 62. g6 b4 63. Kg5 bxc3 64. bxc3 Kc5 65. f5 Kc4 66. f6 d4 67. cxd4 Kxd4 68. Re7 Kc3 69. f7 Rd8 70. Re8 Rd5+ 71. Kf6 Kb2 72.
f8=Q 1-0

[Event "Late-Titled-Tuesday-Blitz-June-25-2024"]
[Site "Chess.com"]
[Date "2024.06.25"]
[Round "4"]
[White "VD_coach"]
[Black "farzadbfd"]
[Result "1-0"]
[WhiteElo "2558"]
[BlackElo "2699"]
[TimeControl "180+1"]
[EndTime "14:38:35 PDT"]
[Termination "VD_coach won by checkmate"]

1. Nf3 d5 2. d4 Nf6 3. c4 e6 4.
Nc3 Be7 5. cxd5 exd5 6. Bg5 O-O 7. e3 c6 8. Bd3 h6 9. Bh4 Ne8 10.
Bg3 Bg4 11. Qc2 Bd6 12. Ne5 Be6 13. O-O Nd7 14. f4 f5 15. Qf2 Nef6 16. Bh4 Qe8 17. h3 Ne4 18. Bxe4 fxe4 19. Qg3 Bf5 20. Qh2 Be7 21.
Bf2 Bh7 22. g4 Nxe5 23. dxe5 Rd8 24. f5 Bc5 25. Ne2 Bb6 26. Kh1 Qe7 27. e6 c5 28. Nf4 d4 29. Qg2 d3 30. Qxe4 d2 31. Rad1 Rd6 32. Nd5 Rxd5 33. Qxd5 Rd8 34. Qg2 g6 35. e4 Qf6 36. Rg1 Qxb2 37. g5 h5 38. f6 Qe5 39. e7 Re8 40. Bg3 Qe6 41. Rgf1 Kf7 42. Rxd2 Bg8 43. Rd6 Qc4 44. e5 Rc8 45.
e6+ Ke8 46. f7+ Kxe7 47. Rd7+ Kxe6 48. Rdd1 Bxf7 49. Rde1+ Kd7 50. Qf2 Bd5+ 51. Kh2 Qd4 52. Qf6 Qxf6 53. gxf6 c4 54. f7 Rf8 55. Rd1 Kc6 56. Rf6+ Kc5 57. Bd6+ Kb5 58. Bxf8 Bxf7 59. Rxf7 c3 60. Rg7 c2 61. Rc1 Be3 62. Rxc2 Bf4+ 63. Kg2 g5 64. Rg6 Ka4 65. Bh6 g4 66. Bxf4 b5 67.
Rg5 gxh3+ 68. Kxh3 a5 69. Bc7 b4 70. Rxa5# 1-0

[Event "Late-Titled-Tuesday-Blitz-June-25-2024"]
[Site "Chess.com"]
[Date "2024.06.25"]
[Round "4"]
[White "MaxLeto"]
[Black "Andrey-Ivanov2011"]
[Result "1-0"]
[WhiteElo "2438"]
[BlackElo "2116"]
[TimeControl "180+1"]
[EndTime "14:38:45 PDT"]
[Termination "MaxLeto won by checkmate"]

1. a3 a6 2. b3 b6 3. c3 c6 4. d3 d6 5. e3 e6 6. f3 f6 7. g3 g6 8. h3 h6 9. Bb2 Bb7 10.
Bg2 Bg7 11. Ne2 Ne7 12. Nd2 Nd7 13. Qc2 Qc7 14. c4 c5 15. Nf4 Kf7 16. O-O Nf5 17.
Kf2 g5 18. Nh5 Rae8 19. g4 Nh4 20. Bh1 Ne5 21. d4 cxd4 22. exd4 Neg6 23. Rae1 e5 24. Ne4 Bxe4 25. fxe4 Nf4 26. Nxf4 gxf4 27. Bf3 Rhf8 28. Qd3 Ng6 29. d5 Qc5+ 30. Kg2 Nh4+ 31. Kh2 Re7 32. Bd1 Rc8 33. Re2 Rec7 34. Rc2 a5 35. Be2 Ra7 36. Bd1 Rb7 37. Bc1 Ng6 38. Be2 b5 39.
Bb2 b4 40. a4 Rbc7 41. Bc1 Rb7 42. Bd2 Rbc7 43. Be1 Rb7 44. Bf2 Qc7 45. Rfc1 Bf8 46. c5 dxc5 47. Qa6 Bd6 48. Bxc5 Qd7 49. Bxd6 Rxc2 50. Rxc2 Ra7 51. Qc6 Qxc6 52. Rxc6 Rd7 53. Bc4 f3 54. Bc5 Nf4 55. Kg3 Kg6 56. Kxf3 h5 57.
gxh5+ Kxh5 58. h4 Kxh4 59. Rxf6 Kg5 60. Rf5+ Kg6 61. Rxe5 Rd8 62. Rf5 Nh3 63. Kg3 Ng5 64. Kf4 Nh3+ 65. Ke3 Ng5 66. Bd4 Re8 67. Rf6+ Kh5 68.
e5 Kg4 69. e6 Rc8 70. Rf4+ Kh5 71. e7 Kh6 72. d6 Ne6 73. Bxe6 Re8 74. Bf7 Rxe7+ 75.
dxe7 Kh7 76. Rh4# 1-0

[Event "Late-Titled-Tuesday-Blitz-June-25-2024"]
[Site "Chess.com"]
[Date "2024.06.25"]
[Round "4"]
[White "GelmanAlexander"]
[Black "ShimogaTactician"]
[Result "1-0"]
[WhiteElo "2705"]
[BlackElo "2529"]
[TimeControl "180+1"]
[EndTime "14:38:49 PDT"]
[Termination "GelmanAlexander won on time"]

1. c4 e5 2. d3 Nc6 3. a3 a5 4. e3 f5 5. Nf3 Nf6 6. Nc3 g6 7. Be2 Bg7 8. Qc2 d6 9. Bd2 Be6 10. h3 h6 11. Rg1 Qd7 12. Nh4 g5 13. Nf3 O-O 14. O-O-O d5 15. g4 fxg4 16. hxg4 d4 17.
Na4 b6 18. Nh2 Rad8 19. Kb1 Rb8 20. Ka1 Qe7 21. Bf3 e4 22. dxe4 d3 23. Qxd3 Ne5 24.
Qc2 Bxc4 25. Bc3 Bf7 26. Bh1 Qe6 27. Rd5 Nxd5 28. exd5 Qd6 29. f4 Ng6 30. Bxg7 Kxg7 31. Nc3 gxf4 32. g5 h5 33. Ne4 Qxd5 34. Qc3+ Qe5 35.
Qxe5+ Nxe5 36. exf4 Ng4 37. Nxg4 hxg4 38. Nf6 Be6 39. Be4 Rxf6 40. gxf6+ Kxf6 41. f5 Bxf5 42. Rf1 Ke5 43. Bxf5 Rf8 44. Re1+ Kxf5 45. Rf1+ Ke4 46. Rxf8 g3 47. Ka2 g2 48. Rg8 Kf3 49. Kb3 b5 50. Kc3 Kf2 51. Kd4 g1=Q 52. Rxg1 Kxg1 53. Kc5 b4 54. a4 Kf2 55. Kb5 Ke3 56. Kxa5 Kd4 57. Kxb4 Kd5 58. Kb5 c6+ 59. Kb6 Kc4 60. a5 c5 61. a6 Kb3 62. a7 c4 63. a8=Q Kxb2 64. Qg2+ Kb3 65. Kc5 c3 66. Kd4 c2 67. Qf3+ Kb2 68. Qc3+ Kb1 69. Qb3+ Ka1 70. Qa3+ Kb1 71. Qb4+ Ka1 72. Qc3+ Kb1 73. Qd3 Kb2 74. Qd2 Kb1 75.
Qb4+ Ka1 76. Qe1+ Kb2 77. Qe2 Kb1 78. Kc4 c1=Q+ 79. Kb3 1-0